[Event "British Columbia-ch Seniors"]
[Site "chess.com"]
[Date "2020.06.12"]
[Round "1.11"]
[White "Monkhouse, Neale"]
[Black "MacDonell, Paul"]
[Result "1/2-1/2"]
[ECO "A07"]
[WhiteElo "1710"]
[BlackElo "1335"]
[PlyCount "99"]
[EventDate "2020.06.12"]
[EventType "swiss"]
[EventRounds "5"]
[EventCountry "CAN"]
[TimeControl "5400+30"]

1. Nf3 d5 2. g3 Bf5 3. Bg2 c6 4. O-O h6 5. d3 e6 6. Nbd2 Nf6 7. Qe1 Bb4 8. a3
Ba5 9. b4 Bc7 10. Bb2 Nbd7 11. e4 dxe4 12. dxe4 Bh7 13. Qe2 O-O 14. e5 Nd5 15.
c4 Ne7 16. Rfe1 c5 17. b5 Ba5 18. Red1 Bxd2 19. Rxd2 Qc7 20. Rad1 Rad8 21. a4
Nb8 22. Ne1 b6 23. f4 Rd7 24. Rxd7 Nxd7 25. Be4 Bxe4 26. Qxe4 Rd8 27. g4 Kf8
28. Nf3 Nb8 29. Rd3 Rxd3 30. Qxd3 Qd7 31. Qe2 Ng8 32. Kf2 Ke7 33. Nd2 Kf8 34.
Ke3 Qd8 35. Qf2 f5 36. gxf5 exf5 37. Qg3 Qe7 38. Nf3 Qe6 39. Nd2 Nd7 40. Qf3
Ngf6 41. h3 Ne4 42. Nxe4 fxe4 43. Qxe4 Qxh3+ 44. Qf3 Qxf3+ 45. Kxf3 Ke7 46. Kg4
g6 47. Bc3 Ke6 48. Bb2 Nf8 49. Bc1 Nd7 50. Bb2 1/2-1/2

[Event "British Columbia-ch Seniors"]
[Site "chess.com"]
[Date "2020.06.12"]
[Round "1.12"]
[White "Hack, Don"]
[Black "Diemecke, Pablo"]
[Result "1-0"]
[ECO "D06"]
[WhiteElo "1210"]
[BlackElo "1684"]
[PlyCount "67"]
[EventDate "2020.06.12"]
[EventType "swiss"]
[EventRounds "5"]
[EventCountry "CAN"]
[TimeControl "5400+30"]

1. d4 d5 2. c4 c5 3. cxd5 Nf6 4. Nf3 cxd4 5. Qxd4 Qxd5 6. Nc3 Qxd4 7. Nxd4 e5
8. Ndb5 Na6 9. Bg5 Bb4 10. a3 Bxc3+ 11. Nxc3 Be6 12. g3 Nd5 13. Bd2 Nxc3 14.
Bxc3 Bd5 15. f3 e4 16. Bg2 exf3 17. Bxf3 Bxf3 18. exf3 O-O 19. O-O-O Rac8 20.
Kb1 Rfe8 21. Rhe1 Rxe1 22. Rxe1 Kf8 23. h4 f6 24. h5 Kf7 25. g4 b6 26. Re3 Nc5
27. Ka2 Rd8 28. Bb4 Ne6 29. f4 Rd7 30. f5 Ng5 31. a4 Rd4 32. Re7+ Kg8 33. Re8+
Kf7 34. Rf8# 1-0

[Event "British Columbia-ch Seniors"]
[Site "chess.com"]
[Date "2020.06.12"]
[Round "1.13"]
[White "Ingram, Richard"]
[Black "Batisse, Norman"]
[Result "1-0"]
[ECO "C68"]
[WhiteElo "1656"]
[BlackElo "1127"]
[PlyCount "73"]
[EventDate "2020.06.12"]
[EventType "swiss"]
[EventRounds "5"]
[EventCountry "CAN"]
[TimeControl "5400+30"]

1. e4 e5 2. Nf3 Nc6 3. Bb5 d6 4. d4 a6 5. Bxc6+ bxc6 6. dxe5 d5 7. exd5 cxd5 8.
O-O Bc5 9. Bg5 Ne7 10. Nbd2 O-O 11. c3 h6 12. Bh4 Bg4 13. Qe2 g5 14. Bg3 Qd7
15. Rfd1 Nf5 16. Nf1 d4 17. Ne3 Nxe3 18. fxe3 Bxf3 19. gxf3 f5 20. cxd4 Bb6 21.
Qc4+ Kh8 22. e6 Qe7 23. Be5+ Kh7 24. Rd2 g4 25. Rg2 Qg5 26. Bf4 Qe7 27. Rf1 Rg8
28. Qd5 Raf8 29. fxg4 Rf6 30. gxf5 Rxg2+ 31. Kxg2 Rf8 32. Qd7 Rg8+ 33. Kf3 Rg7
34. Qxe7 Rxe7 35. Ke4 a5 36. b3 h5 37. Rf3 1-0

[Event "British Columbia-ch Seniors"]
[Site "chess.com"]
[Date "2020.06.12"]
[Round "1.14"]
[White "Yang, Yi Feng"]
[Black "Cronin, Kent"]
[Result "1-0"]
[ECO "C62"]
[WhiteElo "1122"]
[BlackElo "1638"]
[PlyCount "71"]
[EventDate "2020.06.12"]
[EventType "swiss"]
[EventRounds "5"]
[EventCountry "CAN"]
[TimeControl "5400+30"]

1. e4 e5 2. Nf3 Nc6 3. Bb5 d6 4. d4 exd4 5. Nxd4 Bd7 6. Nc3 a6 7. Bxc6 bxc6 8.
O-O Be7 9. h3 Nf6 10. Nf3 O-O 11. e5 Ne8 12. Re1 d5 13. a3 Be6 14. Nd4 Qd7 15.
f4 Bh4 16. Rf1 f5 17. Nxe6 Qxe6 18. Na4 Be7 19. Be3 c5 20. Bxc5 c6 21. Bxe7
Qxe7 22. b4 Nc7 23. Qd3 a5 24. Nc5 Kh8 25. Kh1 g5 26. fxg5 Qxg5 27. Rae1 Rg8
28. Re2 axb4 29. axb4 f4 30. Qf3 Rgf8 31. Nd7 Rf5 32. e6 Re8 33. g4 Rf6 34.
Nxf6 Qxf6 35. Qxf4 Qh4 36. Qf6+ 1-0

[Event "British Columbia-ch Seniors"]
[Site "chess.com"]
[Date "2020.06.12"]
[Round "1.15"]
[White "Harris, Philip"]
[Black "Enns, Edward"]
[Result "1-0"]
[ECO "C12"]
[WhiteElo "1623"]
[BlackElo "824"]
[PlyCount "57"]
[EventDate "2020.06.12"]
[EventType "swiss"]
[EventRounds "5"]
[EventCountry "CAN"]
[TimeControl "5400+30"]

1. d4 d5 2. Nc3 Nf6 3. Bg5 e6 4. e4 Bb4 5. e5 Bxc3+ 6. bxc3 h6 7. Be3 Nfd7 8.
Qg4 c5 9. Qxg7 Rf8 10. Nf3 cxd4 11. cxd4 Nc6 12. Bd3 Nb4 13. O-O Nxd3 14. cxd3
Nb6 15. Bxh6 Qe7 16. Qxf8+ Qxf8 17. Bxf8 Kxf8 18. a4 a5 19. Rfb1 Ra6 20. Rc1
Bd7 21. Rc7 Bxa4 22. Rxb7 Bc6 23. Rc7 Bb5 24. Ng5 Bxd3 25. Rxf7+ Kg8 26. h4 a4
27. h5 Nc4 28. h6 Bg6 29. Rg7+ 1-0

[Event "British Columbia-ch Seniors"]
[Site "chess.com"]
[Date "2020.06.13"]
[Round "2.1"]
[White "Morgan, Scott"]
[Black "Harris, Philip"]
[Result "1-0"]
[ECO "C56"]
[WhiteElo "2068"]
[BlackElo "1623"]
[PlyCount "43"]
[EventDate "2020.06.12"]
[EventType "swiss"]
[EventRounds "5"]
[EventCountry "CAN"]
[TimeControl "5400+30"]

1. e4 e5 2. Nf3 Nc6 3. d4 exd4 4. Bc4 Nf6 5. O-O Bc5 6. e5 d5 7. exf6 dxc4 8.
Re1+ Be6 9. Ng5 Qd5 10. Nc3 Qf5 11. Nce4 Bb6 12. Nxf7 Kxf7 13. Ng5+ Kg6 14.
Nxe6 gxf6 15. Qd2 h5 16. Qe2 d3 17. cxd3 cxd3 18. Qxd3 Bxf2+ 19. Kf1 Bxe1+ 20.
Nf4+ Kg5 21. Qf3 Ne5 22. Nd5+ 1-0

[Event "British Columbia-ch Seniors"]
[Site "chess.com"]
[Date "2020.06.13"]
[Round "2.2"]
[White "Jillings, Duncan"]
[Black "Hoshizaki, Dale"]
[Result "0-1"]
[ECO "B01"]
[WhiteElo "1603"]
[BlackElo "2002"]
[PlyCount "32"]
[EventDate "2020.06.12"]
[EventType "swiss"]
[EventRounds "5"]
[EventCountry "CAN"]
[TimeControl "5400+30"]

1. e4 d5 2. exd5 Nf6 3. Nf3 Qxd5 4. Nc3 Qh5 5. d4 Bg4 6. Be2 Nc6 7. Bf4 O-O-O
8. Qd3 e5 9. Bxe5 Bxf3 10. Bxf3 Nxe5 11. dxe5 Qxe5+ 12. Qe2 Qxe2+ 13. Nxe2 Bc5
14. Nf4 Rhe8+ 15. Be2 Rd4 16. Nd3 Rde4 0-1

[Event "British Columbia-ch Seniors"]
[Site "chess.com"]
[Date "2020.06.13"]
[Round "2.3"]
[White "Sly, Doug"]
[Black "Kagaoan, Jose"]
[Result "0-1"]
[ECO "A22"]
[WhiteElo "1547"]
[BlackElo "1989"]
[PlyCount "80"]
[EventDate "2020.06.12"]
[EventType "swiss"]
[EventRounds "5"]
[EventCountry "CAN"]
[TimeControl "5400+30"]

1. c4 d6 2. g3 Nf6 3. Bg2 Nbd7 4. Nc3 e5 5. d3 h6 6. e4 c6 7. Nge2 Be7 8. O-O
g5 9. d4 Qc7 10. b4 Nf8 11. d5 Bd7 12. Qb3 Ng6 13. a4 Kf8 14. Ba3 h5 15. c5 Kg7
16. Rac1 Qd8 17. cxd6 Bxd6 18. Rfd1 Qe7 19. dxc6 bxc6 20. Rxd6 Qxd6 21. b5 Qe6
22. Qb2 Rab8 23. Rb1 h4 24. Qd2 Rh5 25. Bc5 Rb7 26. b6 axb6 27. Bxb6 Bc8 28. a5
Nd7 29. Na4 Rb8 30. Qc3 Ba6 31. Nc1 hxg3 32. fxg3 Rbh8 33. Nd3 Rxh2 34. Nf2 Qa2
35. Qb3 Qe2 36. Qd1 Qh5 37. Qxd7 Rxg2+ 38. Kxg2 Be2 39. Nh3 Qf3+ 40. Kh2 g4 0-1

[Event "British Columbia-ch Seniors"]
[Site "chess.com"]
[Date "2020.06.13"]
[Round "2.4"]
[White "Pitre, Hanniegn"]
[Black "Lee, Mau-Seng"]
[Result "1/2-1/2"]
[ECO "B20"]
[WhiteElo "1905"]
[BlackElo "1524"]
[PlyCount "107"]
[EventDate "2020.06.12"]
[EventType "swiss"]
[EventRounds "5"]
[EventCountry "CAN"]
[TimeControl "5400+30"]

1. e4 c5 2. b4 b6 3. bxc5 bxc5 4. Nc3 Nc6 5. Rb1 e6 6. Nf3 Nf6 7. Bd3 Be7 8.
O-O O-O 9. Re1 e5 10. Nd5 d6 11. Bb5 Rb8 12. Ba3 Nxd5 13. Bxc6 Rxb1 14. Qxb1
Nb6 15. d3 Bg4 16. Re3 Qc7 17. Bd5 Nxd5 18. exd5 Rb8 19. Qe1 Qb7 20. Nxe5 dxe5
21. Rxe5 Bf8 22. f3 Bd7 23. c4 Qb1 24. Qxb1 Rxb1+ 25. Kf2 Bd6 26. Re1 Rxe1 27.
Kxe1 Kf8 28. d4 Bxh2 29. Bxc5+ Ke8 30. Bxa7 Kd8 31. c5 Kc8 32. c6 Be8 33. Kd2
h5 34. Kc3 g5 35. Bc5 Kc7 36. Kc4 f5 37. Kb5 g4 38. Be7 Bg3 39. a4 h4 40. fxg4
fxg4 41. a5 h3 42. gxh3 gxh3 43. a6 h2 44. a7 h1=Q 45. Bd8+ Kd6 46. a8=Q Qxd5+
47. Ka6 Qc4+ 48. Ka7 Qxd4+ 49. Kb8 Qb2+ 50. Qb7 Kc5+ 51. c7 Qxb7+ 52. Kxb7 Bc6+
53. Ka7 Bxc7 54. Bxc7 1/2-1/2

[Event "British Columbia-ch Seniors"]
[Site "chess.com"]
[Date "2020.06.13"]
[Round "2.5"]
[White "Hack, Don"]
[Black "Escandor, Manuel Omana"]
[Result "1-0"]
[ECO "A41"]
[WhiteElo "1210"]
[BlackElo "1820"]
[PlyCount "73"]
[EventDate "2020.06.12"]
[EventType "swiss"]
[EventRounds "5"]
[EventCountry "CAN"]
[TimeControl "5400+30"]

1. d4 d6 2. c4 Bf5 3. Nf3 g6 4. Nc3 Bg7 5. e4 Bd7 6. Be2 Nf6 7. O-O O-O 8. Qb3
Qc8 9. Be3 a6 10. a4 Nc6 11. Rfd1 Ng4 12. Bc1 Rb8 13. Nd5 e6 14. Ne3 Nf6 15. e5
dxe5 16. dxe5 Ne4 17. Qd3 Nc5 18. Qc3 a5 19. Ng4 f5 20. exf6 Ne4 21. fxg7 Nxc3
22. gxf8=Q+ Kxf8 23. Bh6+ Kf7 24. Nfe5+ Ke8 25. bxc3 Nxe5 26. Nxe5 Bc6 27. Nxc6
bxc6 28. Rd3 Rb2 29. Rf3 Qb7 30. Bd3 Qb3 31. Re1 Kd7 32. h3 Qxa4 33. Rf7+ Kc8
34. Bf4 Rb7 35. Rxe6 Qd1+ 36. Bf1 Kd8 37. Bg5+ 1-0

[Event "British Columbia-ch Seniors"]
[Site "chess.com"]
[Date "2020.06.13"]
[Round "2.6"]
[White "Leblanc, Paul"]
[Black "Yang, Yi Feng"]
[Result "1/2-1/2"]
[ECO "D56"]
[WhiteElo "1739"]
[BlackElo "1122"]
[PlyCount "69"]
[EventDate "2020.06.12"]
[EventType "swiss"]
[EventRounds "5"]
[EventCountry "CAN"]
[TimeControl "5400+30"]

1. d4 Nf6 2. c4 e6 3. Nf3 d5 4. Bg5 Be7 5. e3 O-O 6. Nc3 h6 7. Bh4 Nc6 8. Bd3
Nb4 9. Be2 dxc4 10. Bxc4 a6 11. O-O b5 12. Bb3 Bb7 13. a3 Nbd5 14. Rc1 Rb8 15.
Bg3 Bd6 16. Ne5 Nxc3 17. Rxc3 Ne4 18. Rc1 Nxg3 19. hxg3 Bxe5 20. dxe5 Qg5 21.
Qd4 Rfd8 22. Qc5 Rbc8 23. Rfd1 Be4 24. Rxd8+ Qxd8 25. Rd1 Qf8 26. Qa7 c5 27.
Qxa6 c4 28. Ba2 Qc5 29. Qd6 Qxd6 30. exd6 Kf8 31. f3 Bc6 32. Bb1 Ke8 33. Be4
Kd7 34. Bxc6+ Rxc6 35. Kf2 1/2-1/2

[Event "British Columbia-ch Seniors"]
[Site "chess.com"]
[Date "2020.06.13"]
[Round "2.8"]
[White "Hanrahan, Nigel"]
[Black "Swartz, Robert"]
[Result "1-0"]
[ECO "A13"]
[WhiteElo "1516"]
[BlackElo "1388"]
[PlyCount "71"]
[EventDate "2020.06.12"]
[EventType "swiss"]
[EventRounds "5"]
[EventCountry "CAN"]
[TimeControl "5400+30"]

1. c4 e6 2. g3 d5 3. Bg2 Be7 4. d4 c6 5. Qc2 f5 6. e3 Nf6 7. c5 Nbd7 8. Ne2 Ne4
9. Nf4 Ndf6 10. f3 Ng5 11. O-O O-O 12. Nd3 Nd7 13. b4 Rf6 14. a4 Qe8 15. Nc3
Nf7 16. Bb2 Nh6 17. b5 Qh5 18. Nf4 Qf7 19. a5 g5 20. Nd3 g4 21. a6 bxa6 22.
bxc6 gxf3 23. Bxf3 Nf8 24. Ne5 Qg7 25. c7 f4 26. exf4 Ng6 27. Nxg6 hxg6 28.
Nxd5 Nf5 29. Nxf6+ Bxf6 30. Bxa8 Bxd4+ 31. Bxd4 Qxd4+ 32. Qf2 Qd7 33. Rfd1 Qxc7
34. Rd2 Nh6 35. Rad1 Nf7 36. c6 1-0

[Event "British Columbia-ch Seniors"]
[Site "chess.com"]
[Date "2020.06.13"]
[Round "2.9"]
[White "MacDonell, Paul"]
[Black "Swett, Graham"]
[Result "0-1"]
[ECO "A05"]
[WhiteElo "1335"]
[BlackElo "1990"]
[PlyCount "70"]
[EventDate "2020.06.12"]
[EventType "swiss"]
[EventRounds "5"]
[EventCountry "CAN"]
[TimeControl "5400+30"]

1. e4 c5 2. Nf3 d6 3. g3 Nf6 4. d3 Nc6 5. Bg2 g6 6. O-O Bg7 7. Re1 Nd7 8. c3
O-O 9. Nbd2 Rb8 10. a3 b5 11. Nf1 e5 12. Ne3 a5 13. h4 Nf6 14. Nh2 b4 15. Neg4
Nh5 16. Bh6 Ne7 17. Bxg7 Kxg7 18. Qd2 Ng8 19. Bf3 Be6 20. Ne3 Ngf6 21. Neg4 Qd7
22. Qe2 Nxg4 23. Nxg4 bxc3 24. bxc3 Rb3 25. Reb1 Rfb8 26. Rxb3 Rxb3 27. c4 Qb7
28. Qd1 Nf6 29. Ne3 h5 30. Be2 Rb2 31. f3 Bd7 32. g4 Ba4 33. Qf1 Bd7 34. gxh5
Nxh5 35. Qf2 Nf4 0-1

[Event "British Columbia-ch Seniors"]
[Site "chess.com"]
[Date "2020.06.13"]
[Round "2.10"]
[White "Dimitrijevic, Darko"]
[Black "Martin, Andrew"]
[Result "1-0"]
[ECO "B22"]
[WhiteElo "1947"]
[BlackElo "1542"]
[PlyCount "117"]
[EventDate "2020.06.12"]
[EventType "swiss"]
[EventRounds "5"]
[EventCountry "CAN"]
[TimeControl "5400+30"]

1. e4 c5 2. c3 d5 3. exd5 Qxd5 4. d4 cxd4 5. cxd4 e6 6. Nc3 Qd8 7. Nf3 Nf6 8.
Bf4 a6 9. Be2 Be7 10. O-O O-O 11. Qb3 Nc6 12. Rfd1 Nd5 13. Bg3 Na5 14. Qc2 b5
15. Nxd5 Qxd5 16. Ne5 Qd8 17. Nxf7 Rxf7 18. Bc7 Qf8 19. Bxa5 Bb7 20. f3 Rc8 21.
Qd2 Bd5 22. b3 Bd6 23. Rf1 Qe7 24. g3 Qb7 25. f4 Rff8 26. Rac1 Bh1 27. Bg4 Bd5
28. Bb4 Qe7 29. Bxd6 Qxd6 30. Rfe1 Rce8 31. Re5 Re7 32. Rc5 Bb7 33. Qe3 Rfe8
34. Rc2 Kh8 35. Re2 Rd8 36. Rxe6 Rxe6 37. Bxe6 Qxd4 38. Qxd4 Rxd4 39. Bc8 Be4
40. Bb7 Bg6 41. Bxa6 b4 42. f5 Bh5 43. Rc2 h6 44. Be2 Bf7 45. Kf2 Kh7 46. Ke3
Rd6 47. Bd3 h5 48. Rc7 Kg8 49. Rb7 Rd8 50. Rxb4 Ra8 51. a4 Re8+ 52. Be4 Rc8 53.
a5 Rc3+ 54. Kf4 Bxb3 55. a6 Bc2 56. a7 Bxe4 57. Kxe4 Ra3 58. Rb8+ Kh7 59. a8=Q
1-0

[Event "British Columbia-ch Seniors"]
[Site "chess.com"]
[Date "2020.06.13"]
[Round "2.11"]
[White "Diemecke, Pablo"]
[Black "Schwarz, Heiner"]
[Result "0-1"]
[ECO "C36"]
[WhiteElo "1684"]
[BlackElo "1490"]
[PlyCount "84"]
[EventDate "2020.06.12"]
[EventType "swiss"]
[EventRounds "5"]
[EventCountry "CAN"]
[TimeControl "5400+30"]

1. e4 e5 2. f4 d5 3. Nf3 exf4 4. e5 Bg4 5. d4 g5 6. Bd3 Nc6 7. c3 Be7 8. O-O
Qd7 9. Nbd2 O-O-O 10. b4 f6 11. exf6 Bxf6 12. Qc2 h6 13. Bb2 Nge7 14. Rae1 Nf5
15. Rf2 Ne3 16. Qb1 Rhe8 17. Rfe2 Kb8 18. Rf2 Bh5 19. Nf1 Nxf1 20. Rfxf1 g4 21.
Nd2 f3 22. Bg6 Rxe1 23. Rxe1 Bxg6 24. Qxg6 Bg5 25. Nf1 Rf8 26. Re6 a6 27. b5
Nd8 28. Re5 axb5 29. Ba3 Rf6 30. Qd3 Rf7 31. Bb4 Nc6 32. Qg6 Nxe5 33. dxe5 Qf5
34. Qxf5 Rxf5 35. e6 Re5 36. gxf3 gxf3 37. Kf2 Rxe6 38. Kxf3 Be7 39. Ne3 Bxb4
40. cxb4 Rxe3+ 41. Kxe3 c6 42. Kd4 Kc7 0-1

[Event "British Columbia-ch Seniors"]
[Site "chess.com"]
[Date "2020.06.13"]
[Round "2.12"]
[White "Cronin, Kent"]
[Black "Bridger, Richard"]
[Result "0-1"]
[ECO "B22"]
[WhiteElo "1638"]
[BlackElo "1448"]
[PlyCount "98"]
[EventDate "2020.06.12"]
[EventType "swiss"]
[EventRounds "5"]
[EventCountry "CAN"]
[TimeControl "5400+30"]

1. e4 c5 2. Nf3 Nc6 3. c3 d6 4. d4 cxd4 5. cxd4 Bg4 6. Be2 Nf6 7. Nc3 e6 8. Qa4
d5 9. Ne5 Bxe2 10. Nxe2 Qb6 11. Nxc6 Qxc6 12. Qxc6+ bxc6 13. e5 Nd7 14. Be3 c5
15. dxc5 Nxc5 16. Kd2 Rb8 17. Rab1 a6 18. Rhc1 Nd7 19. f4 Bb4+ 20. Kd3 Ke7 21.
a3 Ba5 22. Nd4 Ke8 23. Nc6 Rb3+ 24. Ke2 Bd8 25. Nd4 Rb8 26. b4 Nb6 27. Nc6 Rb7
28. Na5 Rd7 29. Bd4 f6 30. Rc6 fxe5 31. Rxe6+ Kf7 32. Rxe5 Nc4 33. Nxc4 dxc4
34. Bc5 c3 35. Be3 Bf6 36. Rc5 Re8 37. Kf2 Rde7 38. Re1 Bd4 39. Bxd4 Rxe1 40.
Rxc3 R8e2+ 41. Kg3 Rd1 42. Rc7+ Ke6 43. Bc3 Rd3+ 44. Kh4 Rxg2 45. Rxg7 Rxh2+
46. Kg4 Rxc3 47. f5+ Kf6 48. Ra7 h5+ 49. Kf4 Rh4# 0-1

[Event "British Columbia-ch Seniors"]
[Site "chess.com"]
[Date "2020.06.13"]
[Round "2.13"]
[White "Pangilinan, Emmanuel"]
[Black "Deimert, Elroy"]
[Result "1/2-1/2"]
[ECO "B01"]
[WhiteElo "1601"]
[BlackElo "1441"]
[PlyCount "89"]
[EventDate "2020.06.12"]
[EventType "swiss"]
[EventRounds "5"]
[EventCountry "CAN"]
[TimeControl "5400+30"]

1. e4 d5 2. exd5 Nf6 3. Nc3 Nxd5 4. Bc4 Nf6 5. d4 Bf5 6. f4 Nc6 7. Nf3 Nb4 8.
Bb3 e6 9. Be3 Nbd5 10. Nxd5 exd5 11. O-O Bd6 12. Ne5 O-O 13. c3 c6 14. Bc2 Ne4
15. Nf3 h6 16. Nd2 Nxd2 17. Bxd2 Bxc2 18. Qxc2 Re8 19. Rae1 Rxe1 20. Rxe1 Qf6
21. g3 Rc8 22. Be3 Re8 23. Bf2 Rxe1+ 24. Bxe1 Qe6 25. Bf2 f5 26. b3 Qe4 27.
Qxe4 fxe4 28. Be3 Ba3 29. c4 Kf7 30. h3 Kf6 31. g4 g5 32. fxg5+ hxg5 33. cxd5
cxd5 34. Kf2 a6 35. Ke2 Bb4 36. Bf2 b5 37. h4 gxh4 38. Bxh4+ Kg6 39. Ke3 Bc3
40. a4 bxa4 41. bxa4 Bb2 42. Bd8 Bc3 43. Bh4 Bb2 44. Bd8 Bc3 45. Bh4 1/2-1/2

[Event "British Columbia-ch Seniors"]
[Site "chess.com"]
[Date "2020.06.13"]
[Round "2.14"]
[White "Batisse, Norman"]
[Black "Bishop, Greg"]
[Result "0-1"]
[ECO "D00"]
[WhiteElo "1127"]
[BlackElo "1594"]
[PlyCount "48"]
[EventDate "2020.06.12"]
[EventType "swiss"]
[EventRounds "5"]
[EventCountry "CAN"]
[TimeControl "5400+30"]

1. d4 d5 2. Bf4 Nf6 3. e3 g6 4. Bd3 Bg7 5. Nd2 O-O 6. h3 b6 7. Ngf3 Bb7 8. Ne5
Nfd7 9. Ng4 c5 10. Qf3 e6 11. Nh6+ Kh8 12. Bd6 Bxh6 13. Bxf8 Qxf8 14. g4 cxd4
15. exd4 f6 16. h4 Bxd2+ 17. Kxd2 Qb4+ 18. c3 Qxb2+ 19. Bc2 Nc6 20. Qf4 e5 21.
dxe5 Ncxe5 22. Rhb1 Qa3 23. g5 Qd6 24. h5 Nc4+ 0-1

[Event "British Columbia-ch Seniors"]
[Site "chess.com"]
[Date "2020.06.14"]
[Round "3.1"]
[White "Kagaoan, Jose"]
[Black "Morgan, Scott"]
[Result "0-1"]
[ECO "C44"]
[WhiteElo "1989"]
[BlackElo "2068"]
[PlyCount "88"]
[EventDate "2020.06.12"]
[EventType "swiss"]
[EventRounds "5"]
[EventCountry "CAN"]
[TimeControl "5400+30"]

1. e4 e5 2. Nf3 Nc6 3. Be2 Nf6 4. d3 d5 5. Nbd2 Bc5 6. c3 a6 7. b4 Ba7 8. Qc2
O-O 9. h3 Qe7 10. g4 Be6 11. a3 Rad8 12. Nf1 Kh8 13. Bg5 Qd6 14. Bxf6 gxf6 15.
Ng3 Ne7 16. Nh5 Ng8 17. Rg1 c5 18. Rb1 b5 19. Nh4 Rc8 20. Nf5 Qc6 21. Bf3 cxb4
22. exd5 Bxd5 23. Bxd5 Qxd5 24. Rxb4 Rfd8 25. Ke2 a5 26. Re4 Qc5 27. Rg2 Qxc3
28. Qxc3 Rxc3 29. Ne3 Rxa3 30. g5 b4 31. Nc4 Ra2+ 32. Nd2 b3 33. Rg1 Bd4 34.
gxf6 Bc3 35. Rd1 b2 36. Nb1 Bd4 37. Rg1 a4 38. Rg7 Nxf6 39. Rxf7 Nxe4 40. dxe4
Kg8 41. Rg7+ Kf8 42. Rxh7 Ra1 43. Rb7 Rd6 44. Nd2 Rb6 0-1

[Event "British Columbia-ch Seniors"]
[Site "chess.com"]
[Date "2020.06.14"]
[Round "3.2"]
[White "Hoshizaki, Dale"]
[Black "Hack, Don"]
[Result "1-0"]
[ECO "D11"]
[WhiteElo "2002"]
[BlackElo "1210"]
[PlyCount "61"]
[EventDate "2020.06.12"]
[EventType "swiss"]
[EventRounds "5"]
[EventCountry "CAN"]
[TimeControl "5400+30"]

1. d4 d5 2. c4 c6 3. Nf3 Nf6 4. Qc2 g6 5. Bf4 Bg7 6. e3 Nbd7 7. cxd5 cxd5 8.
Bc7 O-O 9. Bxd8 Rxd8 10. Qc7 Re8 11. Bb5 a6 12. Bxd7 Bxd7 13. Nc3 e6 14. Ne5
Red8 15. O-O Ne8 16. Qxd7 Rxd7 17. Nxd7 Rd8 18. Nc5 Nd6 19. Rfd1 a5 20. Rac1 b6
21. Nd3 b5 22. b3 Bf8 23. a4 bxa4 24. bxa4 Nc4 25. Nb5 Ra8 26. Rc2 h5 27. Ne5
Na3 28. Nxa3 Bxa3 29. Rb1 Bb4 30. Kf1 Kg7 31. Nc6 1-0

[Event "British Columbia-ch Seniors"]
[Site "chess.com"]
[Date "2020.06.14"]
[Round "3.3"]
[White "Ingram, Richard"]
[Black "Pitre, Hanniegn"]
[Result "1/2-1/2"]
[ECO "B01"]
[WhiteElo "1656"]
[BlackElo "1905"]
[PlyCount "104"]
[EventDate "2020.06.12"]
[EventType "swiss"]
[EventRounds "5"]
[EventCountry "CAN"]
[TimeControl "5400+30"]

1. e4 d5 2. exd5 Nf6 3. d4 Bg4 4. Be2 Bxe2 5. Qxe2 Qxd5 6. Nf3 e6 7. O-O Be7 8.
c4 Qf5 9. Nc3 O-O 10. Rd1 Re8 11. Bg5 h6 12. Bh4 g5 13. Bg3 Na6 14. Qd3 c5 15.
Qxf5 exf5 16. Be5 Ne4 17. dxc5 Bxc5 18. Bd4 Nxc3 19. Bxc3 Re2 20. Nd4 Bxd4 21.
Rxd4 Nc5 22. Kf1 Re4 23. f3 Rxd4 24. Bxd4 Ne6 25. Bc3 Rc8 26. b3 b5 27. Rc1 a6
28. Bd2 Kf8 29. cxb5 Rxc1+ 30. Bxc1 axb5 31. a4 bxa4 32. bxa4 Ke8 33. Ke2 Kd7
34. Kd2 Nc5 35. Bb2 Nxa4 36. Bd4 Kc6 37. Kd3 Nc5+ 38. Kc4 Ne6 39. Be5 h5 40. g3
h4 41. f4 h3 42. Bb8 f6 43. Kd3 Nc5+ 44. Kd4 Nd7 45. Ba7 Kd6 46. Kc4 Ke6 47.
Bd4 Nf8 48. Kd3 Ng6 49. Ke3 g4 50. Bc3 Ne7 51. Bd4 Nd5+ 52. Ke2 Ne7 1/2-1/2

[Event "British Columbia-ch Seniors"]
[Site "chess.com"]
[Date "2020.06.14"]
[Round "3.5"]
[White "Swett, Graham"]
[Black "Sullivan, Brian"]
[Result "1-0"]
[ECO "A08"]
[WhiteElo "1990"]
[BlackElo "1551"]
[PlyCount "55"]
[EventDate "2020.06.12"]
[EventType "swiss"]
[EventRounds "5"]
[EventCountry "CAN"]
[TimeControl "5400+30"]

1. Nf3 d5 2. g3 Nf6 3. d3 c5 4. Bg2 Nc6 5. O-O e5 6. Nbd2 Bd6 7. e4 d4 8. a3 h6
9. Nh4 Be6 10. Nf5 O-O 11. g4 Kh7 12. Nc4 Bxc4 13. dxc4 Ng8 14. g5 g6 15. Nxh6
Nxh6 16. gxh6 Qh4 17. b4 b6 18. b5 Ne7 19. a4 Ng8 20. Ra3 Qe7 21. Rg3 Qe6 22.
Qd3 Rfe8 23. Qe2 Bf8 24. f4 Bxh6 25. f5 Qe7 26. Rh3 Kg7 27. Bxh6+ Nxh6 28. f6+
1-0

[Event "British Columbia-ch Seniors"]
[Site "chess.com"]
[Date "2020.06.14"]
[Round "3.6"]
[White "Escandor, Manuel Omana"]
[Black "Sly, Doug"]
[Result "1/2-1/2"]
[ECO "B01"]
[WhiteElo "1820"]
[BlackElo "1547"]
[PlyCount "58"]
[EventDate "2020.06.12"]
[EventType "swiss"]
[EventRounds "5"]
[EventCountry "CAN"]
[TimeControl "5400+30"]

1. e4 d5 2. exd5 Nf6 3. Bc4 Nxd5 4. Nf3 Bg4 5. h3 Bh5 6. O-O e6 7. d3 Be7 8.
Re1 O-O 9. Nbd2 Nc6 10. a3 a5 11. Re4 Nf6 12. Re1 a4 13. c3 Bd6 14. Bb5 Ne5 15.
d4 Nxf3+ 16. Nxf3 c6 17. Be2 Qc7 18. Ng5 Bg6 19. Bd3 Bxd3 20. Qxd3 Rfe8 21. Ne4
Nxe4 22. Rxe4 e5 23. Rh4 g6 24. Bg5 Be7 25. Bxe7 Rxe7 26. Re1 exd4 27. Rxe7
Qxe7 28. Rxd4 Qe1+ 29. Kh2 Qxf2 1/2-1/2

[Event "British Columbia-ch Seniors"]
[Site "chess.com"]
[Date "2020.06.14"]
[Round "3.7"]
[White "Schwarz, Heiner"]
[Black "Monkhouse, Neale"]
[Result "1-0"]
[ECO "B27"]
[WhiteElo "1490"]
[BlackElo "1710"]
[PlyCount "111"]
[EventDate "2020.06.12"]
[EventType "swiss"]
[EventRounds "5"]
[EventCountry "CAN"]
[TimeControl "5400+30"]

1. e4 c5 2. Nf3 g6 3. c3 Bg7 4. Bd3 Nc6 5. O-O Nf6 6. Bc2 O-O 7. d3 Qc7 8. Bg5
d6 9. Nbd2 b5 10. d4 cxd4 11. cxd4 Bb7 12. Rc1 Qb6 13. Nb3 Rfe8 14. a3 a5 15.
h3 a4 16. Na1 Na5 17. Qe2 Ba6 18. Bd3 Rab8 19. Be3 Qb7 20. Bd2 Nc4 21. Bc3 Bh6
22. Rc2 Nd7 23. Bxc4 bxc4 24. Re1 Nb6 25. Qd1 f6 26. d5 Nd7 27. Nd4 Nc5 28. Nc6
Rbc8 29. Nb4 Bb5 30. Rce2 Bd7 31. Nac2 Nb3 32. Ne3 Bg7 33. Kh2 Bb5 34. f4 Nc5
35. Nec2 Nb3 36. Re3 Bh6 37. Rf3 Bd7 38. Rf2 Rf8 39. Ref1 Nc5 40. Qe2 Bb5 41.
Ne1 Qd7 42. Rf3 Bg7 43. Rg3 Rf7 44. Nf3 Nd3 45. Nxd3 cxd3 46. Qd2 Qc7 47. Nd4
Ba6 48. Nc6 Qb6 49. Nb4 Bb5 50. Nxd3 Qc7 51. Rd1 Qc4 52. Re3 Rcf8 53. Rc1 Qb3
54. Nb4 Bh6 55. g3 Qc4 56. Bd4 1-0

[Event "British Columbia-ch Seniors"]
[Site "chess.com"]
[Date "2020.06.14"]
[Round "3.8"]
[White "Bridger, Richard"]
[Black "Harris, Philip"]
[Result "1/2-1/2"]
[ECO "B05"]
[WhiteElo "1448"]
[BlackElo "1623"]
[PlyCount "67"]
[EventDate "2020.06.12"]
[EventType "swiss"]
[EventRounds "5"]
[EventCountry "CAN"]
[TimeControl "5400+30"]

1. e4 Nf6 2. e5 Nd5 3. d4 d6 4. Nf3 Bg4 5. h3 Bh5 6. Be2 e6 7. O-O Be7 8. c4
Nb6 9. b3 Nc6 10. Nc3 O-O 11. Bf4 f6 12. exd6 cxd6 13. d5 exd5 14. Nxd5 Nxd5
15. cxd5 Bxf3 16. Bxf3 Ne5 17. Rc1 Qa5 18. Be4 g6 19. Bd2 Qb6 20. Be3 Qa5 21.
f4 Nf7 22. Rf2 f5 23. Bb1 Bf6 24. Bd4 Bxd4 25. Qxd4 Rfe8 26. b4 Qd8 27. Bd3 Qd7
28. Rfc2 Re7 29. Kf2 b6 30. Rc6 Nd8 31. R6c2 Nf7 32. Kf3 Rae8 33. Rc6 Nd8 34.
Rc8 1/2-1/2